[Event "Titled Tuesday Blitz November 08 Early 2022"]
[White "Gurevich, Dmitry"]
[Black "Kamsky, Gata"]
[WhiteFideId "2000407"]
[BlackFideId "2000024"]
[WhiteElo "2506"]
[BlackElo "2666"]
[Result "0-1"]
[Round "02"]
[TimeControl "180+1"]
[Date "2022.11.08"]
[WhiteClock "0:00:05"]
[BlackClock "0:00:36"]

1. d4 Nf6 2. c4 e6 3. Nf3 Bb4+ 4. Bd2 Be7 5. Nc3 d6 6. g3 O-O 7. Bg2 Nc6 8. O-O e5 9. d5 Nb8 10. e4 a5 11. Ne1 c6 12. Nd3 Na6 13. h3 cxd5 14. cxd5 Bd7 15. a3 Rc8 16. Qe2 Qb6 17. Be3 Qb3 18. Rfc1 Bd8 19. Qc2 Qxc2 20. Rxc2 b6 21. Rac1 Nc5 22. Nxc5 bxc5 23. Bf1 Rb8 24. f3 Ne8 25. h4 f5 26. Bd2 fxe4 27. fxe4 Nf6 28. Bd3 h6 29. a4 Rb4 30. Kg2 Ng4 31. Rf1 Rxf1 32. Kxf1 Bxa4 33. Nxa4 Rxa4 34. Bc4 Ra1+ 35. Kg2 g5 36. Be2 Nf6 37. hxg5 Nxe4 38. gxh6 Nxd2 39. Rxd2 Kh7 40. Bg4 Kxh6 41. Rf2 e4 42. Rf8 Bg5 43. Be6 Rb1 44. Rh8+ Kg7 45. Rg8+ Kf6 46. Rf8+ Ke7 47. Rf7+ Ke8 48. Rg7 Rxb2+ 49. Kh3 Bd2 0-1


[Site "https://www.chess.com"]

[Event "Titled Tuesday Blitz November 08 Early 2022"]
[White "Guz, Ari"]
[Black "Samadov, Read"]
[WhiteFideId "2825759"]
[BlackFideId "13417444"]
[WhiteElo "2205"]
[BlackElo "2355"]
[Result "1-0"]
[Round "02"]
[TimeControl "180+1"]
[Date "2022.11.09"]
[WhiteClock "0:02:15"]
[BlackClock "0:01:24"]

1. e4 c5 2. Nf3 d6 3. c3 Nf6 4. Bd3 g6 5. Bc2 Bg7 6. d4 Bg4 7. h3 Bxf3 8. Qxf3 cxd4 9. cxd4 Nc6 10. Be3 Qb6 11. Bb3 Nxd4 12. Ba4+ Kf8 13. Qd1 Nxe4 14. O-O Qxb2 15. Nd2 Nc3 16. Qg4 Nxa4 17. Rab1 Qc3 18. Rfc1 Qd3 19. Qc8+ 1-0


[Site "https://www.chess.com"]

[Event "Titled Tuesday Blitz November 08 Early 2022"]
[White "Hernandez Gonzalez, William"]
[Black "Tari, Aryan"]
[WhiteFideId "3509915"]
[BlackFideId "1510045"]
[WhiteElo "2374"]
[BlackElo "2612"]
[Result "0-1"]
[Round "02"]
[TimeControl "180+1"]
[Date "2022.11.08"]
[WhiteClock "0:00:04"]
[BlackClock "0:00:14"]

1. e4 c6 2. d4 d5 3. exd5 cxd5 4. Bd3 Nf6 5. c3 Bg4 6. Nf3 e6 7. h3 Bh5 8. Bf4 Bd6 9. Bxd6 Qxd6 10. O-O O-O 11. Nbd2 Nbd7 12. Re1 a6 13. a4 Bg6 14. Bxg6 hxg6 15. Ne5 Qc7 16. Ndf3 b5 17. Ng5 Nxe5 18. dxe5 Nd7 19. Qg4 Rfb8 20. Qh4 Nf8 21. axb5 axb5 22. Qf4 Rxa1 23. Rxa1 f6 24. Nf3 g5 25. Qe3 b4 26. Ra7 Qb6 27. Rxg7+ Kxg7 28. exf6+ Kh8 29. Qxg5 Qc7 30. Ne5 Qh7 31. f7 bxc3 32. bxc3 Qg7 33. Qh4+ Nh7 34. Qf4 Rf8 35. h4 Qf6 36. Qg3 Rxf7 37. Nxf7+ Qxf7 38. Qb8+ Kg7 39. Qe5+ Qf6 40. Qg3+ Kh6 41. Qe3+ Kg6 42. Qg3+ Kf7 43. Qc7+ Qe7 44. Qf4+ Kg7 45. Qg3+ Kh8 46. Qe5+ Kg8 47. Qg3+ Qg7 48. Qb8+ Nf8 49. Qb4 Ng6 50. Qb8+ Kh7 51. h5 Nh4 52. Qh2 Nf3+ 0-1


[Site "https://www.chess.com"]

[Event "Titled Tuesday Blitz November 08 Early 2022"]
[White "Hon, Eric"]
[Black "Jean Louis, Marckens"]
[WhiteFideId "2097117"]
[BlackFideId "11900270"]
[WhiteElo "1918"]
[BlackElo "2030"]
[Result "0-1"]
[Round "02"]
[TimeControl "180+1"]
[Date "2022.11.09"]
[WhiteClock "0:00:15"]
[BlackClock "0:02:29"]

1. e4 c6 2. d4 d5 3. f3 Nf6 4. e5 Nfd7 5. f4 e6 6. Nf3 c5 7. c3 Nc6 8. Be2 cxd4 9. cxd4 a5 10. O-O a4 11. Nc3 Be7 12. Be3 O-O 13. Rc1 a3 14. b3 Nb4 15. Qd2 Nb8 16. Nb5 N8c6 17. Ne1 Bd7 18. Nd3 Nxd3 19. Bxd3 Nb4 20. Bb1 Bxb5 21. Rf3 Rc8 22. Rh3 g6 23. f5 Rxc1+ 24. Qxc1 exf5 25. Bh6 Qc8 26. Qf1 Bxf1 0-1


[Site "https://www.chess.com"]

[Event "Titled Tuesday Blitz November 08 Early 2022"]
[White "Ibadov, Dashgyn"]
[Black "Onslow, Alfie"]
[WhiteFideId "24107514"]
[BlackFideId "436976"]
[WhiteElo "2208"]
[BlackElo "2015"]
[Result "1-0"]
[Round "02"]
[TimeControl "180+1"]
[Date "2022.11.09"]
[WhiteClock "0:01:49"]
[BlackClock "0:01:08"]

1. d4 Nf6 2. c4 c5 3. d5 b5 4. cxb5 a6 5. e3 axb5 6. Bxb5 Ba6 7. Nc3 Qa5 8. Bxa6 Qxa6 9. Nge2 g6 10. O-O Bg7 11. a4 d6 12. Nb5 Qb6 13. Nec3 O-O 14. e4 Na6 15. Be3 Nb4 16. Qd2 Nd7 17. Bh6 Ne5 18. Bxg7 Kxg7 19. Kh1 Nc4 20. Qe2 Na5 21. f4 Nb3 22. Rae1 Nd4 23. Qd2 Nxb5 24. axb5 c4 25. e5 Qc5 26. exd6 exd6 27. f5 f6 28. Re7+ Rf7 29. Rxf7+ Kxf7 30. Qh6 Rg8 31. Qxh7+ Rg7 32. fxg6+ Kf8 33. Qh8+ 1-0


[Site "https://www.chess.com"]

[Event "Titled Tuesday Blitz November 08 Early 2022"]
[White "Ibarra Jerez, Jose Carlos"]
[Black "Firat, Burak"]
[WhiteFideId "2226332"]
[BlackFideId "6305881"]
[WhiteElo "2638"]
[BlackElo "2392"]
[Result "1-0"]
[Round "02"]
[TimeControl "180+1"]
[Date "2022.11.08"]
[WhiteClock "0:00:58"]
[BlackClock "0:01:09"]

1. Nf3 c5 2. e4 d6 3. Bb5+ Nd7 4. Ba4 Nf6 5. O-O e6 6. Re1 a6 7. c4 Be7 8. d4 cxd4 9. Nxd4 Qc7 10. Nc3 O-O 11. Qe2 Ne5 12. Bb3 Bd7 13. f4 Nc6 14. Be3 Nxd4 15. Bxd4 e5 16. Be3 b5 17. cxb5 axb5 18. Rac1 Qa5 19. Nd5 Nxd5 20. Bxd5 Rac8 21. f5 Rxc1 22. Rxc1 Bf6 23. Qc2 Rc8 24. Qxc8+ Bxc8 25. Rxc8+ Bd8 26. b4 1-0


[Site "https://www.chess.com"]

[Event "Titled Tuesday Blitz November 08 Early 2022"]
[White "Ilkhomi, Jaloliddin"]
[Black "Tate, Alan"]
[WhiteFideId "14700948"]
[BlackFideId "2401878"]
[WhiteElo "2045"]
[BlackElo "2179"]
[Result "1-0"]
[Round "02"]
[TimeControl "180+1"]
[Date "2022.11.09"]
[WhiteClock "0:01:27"]
[BlackClock "0:00:01"]

1. d4 d5 2. Bf4 Bf5 3. Nc3 c6 4. e3 e6 5. g4 Bg6 6. h4 h5 7. g5 Ne7 8. Bd3 Qb6 9. Rb1 Nd7 10. Nf3 Bxd3 11. Qxd3 a6 12. Ne5 Nxe5 13. Bxe5 Nf5 14. a3 Be7 15. f3 f6 16. Bf4 O-O-O 17. g6 Bd6 18. Ne2 Ne7 19. Bxd6 Rxd6 20. b4 e5 21. Kf2 Rh6 22. Rhg1 Re6 23. Ng3 exd4 24. exd4 Nxg6 25. Nf5 1-0


[Site "https://www.chess.com"]

[Event "Titled Tuesday Blitz November 08 Early 2022"]
[White "Ivic, Velimir"]
[Black "Manukian, Artak"]
[WhiteFideId "950122"]
[BlackFideId "13301373"]
[WhiteElo "2625"]
[BlackElo "2130"]
[Result "1-0"]
[Round "02"]
[TimeControl "180+1"]
[Date "2022.11.09"]
[WhiteClock "0:02:19"]
[BlackClock "0:00:41"]

1. e4 c6 2. Nc3 d5 3. Nf3 dxe4 4. Nxe4 Nf6 5. Qe2 Nxe4 6. Qxe4 Nd7 7. d4 Nf6 8. Qd3 Qa5+ 9. Bd2 Qf5 10. Qb3 Qe4+ 11. Be2 e6 12. c4 Bd6 13. O-O O-O 14. h3 Bf4 15. Bd3 Qxf3 16. gxf3 Bxd2 17. Qc2 Bg5 18. Rad1 g6 19. Be4 Nh5 20. Kh2 Bf4+ 21. Kh1 e5 22. d5 Bxh3 23. dxc6 bxc6 24. Bxc6 Rac8 25. Bd7 Bxd7 26. Rxd7 Rc6 27. Rfd1 Rf6 28. c5 Ng7 29. c6 Rf5 30. c7 Rh5+ 31. Kg2 Nf5 32. c8=Q Nh4+ 33. Kf1 Nxf3 34. Rd8 Rh1+ 35. Ke2 Nd4+ 36. R1xd4 1-0


[Site "https://www.chess.com"]

[Event "Titled Tuesday Blitz November 08 Early 2022"]
[White "Izuzquiza Gonzalez, Javier"]
[Black "Gilmanov, Mansur"]
[WhiteFideId "3101029"]
[BlackFideId "4166868"]
[WhiteElo "2034"]
[BlackElo "2377"]
[Result "0-1"]
[Round "02"]
[TimeControl "180+1"]
[Date "2022.11.09"]
[WhiteClock "0:00:10"]
[BlackClock "0:00:34"]

1. d4 d5 2. c4 e6 3. Nf3 f5 4. g3 Nf6 5. Bg2 c6 6. O-O Bd6 7. Ne5 O-O 8. Nd2 Bd7 9. Ndf3 Be8 10. Nd3 Nbd7 11. Qc2 Bh5 12. Nfe5 Qe7 13. Bf4 dxc4 14. Nxc4 Bxf4 15. Nxf4 g5 16. Nd3 Nd5 17. Nce5 f4 18. Nxd7 Qxd7 19. Ne5 Qg7 20. Qe4 Bg6 21. Nxg6 Qxg6 22. Qxg6+ hxg6 23. a3 Kg7 24. b4 a6 25. Rfd1 Rad8 26. Rac1 Kf6 27. Rc5 Rf7 28. Be4 Rfd7 29. Bxd5 exd5 30. a4 Re7 31. Rd2 Rde8 32. Rcc2 Ke6 33. Rb2 Kd6 34. Kg2 Rh8 35. h3 Reh7 36. gxf4 gxf4 37. Kf3 Rxh3+ 38. Kxf4 Ke6 39. b5 axb5 40. axb5 R8h4+ 41. Kg5 Re4 42. bxc6 bxc6 43. Rb6 Kd6 44. f3 Re6 45. Rc2 Kc7 46. Ra6 Rh2 47. Ra7+ Kd6 48. Ra6 Rg2+ 49. Kh4 Kc7 50. Ra7+ Kb6 51. Rh7 Rh2+ 0-1


[Site "https://www.chess.com"]

[Event "Titled Tuesday Blitz November 08 Early 2022"]
[White "Jaskolka, Tomasz"]
[Black "Napoli, Nicolo"]
[WhiteFideId "1170791"]
[BlackFideId "813702"]
[WhiteElo "2126"]
[BlackElo "2311"]
[Result "1-0"]
[Round "02"]
[TimeControl "180+1"]
[Date "2022.11.09"]
[WhiteClock "0:00:21"]
[BlackClock "0:00:46"]

1. d4 c5 2. d5 g6 3. c4 Bg7 4. Nc3 Bxc3+ 5. bxc3 f5 6. e4 fxe4 7. f3 Nf6 8. fxe4 Qa5 9. Bb2 Nxe4 10. Qd3 Nf6 11. Nf3 d6 12. Be2 Bf5 13. Qe3 Ng4 14. Qf4 O-O 15. h3 Bd7 16. Qg5 Nf6 17. O-O Na6 18. Qh6 Rf7 19. Ng5 Rg7 20. Bd3 Rf8 21. Rae1 Nc7 22. Re2 b5 23. Rfe1 bxc4 24. Rxe7 Rff7 25. Nxf7 Rxf7 26. Rxf7 Kxf7 27. Bxc4 Bb5 28. Qe3 Bxc4 29. Qe7+ Kg8 30. Qxf6 Bxd5 31. Re7 1-0


[Site "https://www.chess.com"]

[Event "Titled Tuesday Blitz November 08 Early 2022"]
[White "Jiang, Andrew"]
[Black "Piesik, Piotr"]
[WhiteFideId "30953510"]
[BlackFideId "1136194"]
[WhiteElo "1868"]
[BlackElo "2316"]
[Result "1-0"]
[Round "02"]
[TimeControl "180+1"]
[Date "2022.11.09"]
[WhiteClock "0:01:38"]
[BlackClock "0:02:15"]

1. e4 g6 2. d4 Bg7 3. Nc3 c6 4. f4 d5 5. e5 Nh6 6. Nf3 Bg4 7. Bd3 Nf5 8. Bxf5 gxf5 9. O-O Bxf3 10. Rxf3 e6 11. Rg3 Bf8 12. Qh5 Nd7 13. Be3 Qe7 14. Qe2 O-O-O 15. Rb1 h5 16. b4 b5 17. a4 a6 18. axb5 axb5 19. Nxb5 cxb5 20. Qxb5 Nb8 21. Bd2 Qb7 22. Rc3+ 1-0


[Site "https://www.chess.com"]

[Event "Titled Tuesday Blitz November 08 Early 2022"]
[White "Jones, Gawain C B"]
[Black "Besedes, Danilo"]
[WhiteFideId "409561"]
[BlackFideId "946796"]
[WhiteElo "2657"]
[BlackElo "2352"]
[Result "1-0"]
[Round "02"]
[TimeControl "180+1"]
[Date "2022.11.08"]
[WhiteClock "0:00:20"]
[BlackClock "0:00:04"]

1. Nf3 d6 2. d4 Nf6 3. Nc3 d5 4. Bf4 c6 5. e3 Bg4 6. Be2 Bxf3 7. Bxf3 Nbd7 8. g4 e6 9. g5 Ng8 10. h4 Bb4 11. h5 h6 12. g6 f5 13. Qd3 Ngf6 14. a3 Be7 15. Ne2 O-O 16. Bg3 Nb6 17. Nf4 Qd7 18. Qe2 Ne4 19. Bh2 c5 20. Nd3 c4 21. Ne5 Qb5 22. O-O Rac8 23. Rab1 Nd7 24. a4 Qxa4 25. b3 cxb3 26. cxb3 Qb4 27. Nxd7 Nc3 28. Qd2 Rfd8 29. Nc5 b6 30. Nxe6 Re8 31. Rbc1 Bf6 32. Nf4 1-0


[Site "https://www.chess.com"]

[Event "Titled Tuesday Blitz November 08 Early 2022"]
[White "Kaasen, Tor Fredrik"]
[Black "Janaszak, Dawid"]
[WhiteFideId "1516647"]
[BlackFideId "1119206"]
[WhiteElo "2345"]
[BlackElo "2226"]
[Result "1-0"]
[Round "02"]
[TimeControl "180+1"]
[Date "2022.11.09"]
[WhiteClock "0:00:45"]
[BlackClock "0:00:14"]

1. d4 d5 2. c4 e6 3. Nf3 h6 4. g3 Nf6 5. Bg2 Bd6 6. O-O Nc6 7. Nc3 O-O 8. c5 Be7 9. Bf4 Nh5 10. Bd2 f5 11. Rb1 f4 12. b4 a6 13. a4 fxg3 14. hxg3 Bd7 15. e4 Nf6 16. e5 Nh7 17. Be3 Be8 18. Qc2 Bh5 19. Nd2 Qe8 20. b5 Nd8 21. Rb3 Nf7 22. bxa6 bxa6 23. Rb7 Qc8 24. Rfb1 Nd8 25. R7b2 g5 26. Bf1 Rf7 27. Bd3 Nf8 28. Kg2 Rg7 29. Rh1 Bg6 30. Rxh6 Nf7 31. Rxg6 Nxg6 32. Bxg6 Nh8 33. Bd3 Qe8 34. Rb1 Qc6 35. Rh1 Rf8 36. Qd1 Bxc5 37. Qh5 Nf7 38. Bh7+ Kh8 39. Bg6+ Kg8 40. Bxf7+ 1-0


[Site "https://www.chess.com"]

[Event "Titled Tuesday Blitz November 08 Early 2022"]
[White "Kaplan, Avi Harrison"]
[Black "Aradhya, Garg"]
[WhiteFideId "30934559"]
[BlackFideId "25006746"]
[WhiteElo "1983"]
[BlackElo "2223"]
[Result "0-1"]
[Round "02"]
[TimeControl "180+1"]
[Date "2022.11.09"]
[WhiteClock "0:00:06"]
[BlackClock "0:01:23"]

1. d4 d5 2. c4 c6 3. Nc3 Nf6 4. cxd5 cxd5 5. Bf4 Nc6 6. e3 a6 7. Be2 Bf5 8. Nf3 e6 9. Qb3 Na5 10. Qa4+ b5 11. Nxb5 axb5 12. Bxb5+ Nd7 13. Ne5 Nc6 14. Nxc6 Qc8 15. Qb3 f6 16. Rc1 Qb7 17. Nb8 Rxb8 18. Bxb8 Kf7 19. Bxd7 Bb4+ 20. Kf1 Rxb8 21. Qa4 Bd2 22. Rc5 Qxb2 23. g3 Bh3+ 24. Ke2 Bc3+ 25. Kf3 g5 26. g4 h5 27. gxh5 g4+ 28. Kg3 Qe2 29. Bxe6+ Kg7 30. Qd7+ Kh6 31. Qf7 Qf3+ 32. Kh4 Qxf2# 0-1


[Site "https://www.chess.com"]

[Event "Titled Tuesday Blitz November 08 Early 2022"]
[White "Khaliun, Batnasan"]
[Black "Moskvin, Anatoly"]
[WhiteFideId "4906276"]
[BlackFideId "24199990"]
[WhiteElo "1752"]
[BlackElo "2079"]
[Result "1-0"]
[Round "02"]
[TimeControl "180+1"]
[Date "2022.11.09"]
[WhiteClock "0:01:46"]
[BlackClock "0:01:48"]

1. d4 Nf6 2. c4 c5 3. g3 cxd4 4. Nf3 e5 5. Bg2 Nc6 6. O-O Be7 7. e3 dxe3 8. Bxe3 O-O 9. Nc3 d6 10. b3 Bg4 11. Qc2 Rc8 12. h3 Be6 13. Rfd1 Qa5 14. a3 Rfd8 15. Ng5 a6 16. Nd5 Bxd5 17. Bxd5 Nxd5 18. Qxh7+ Kf8 19. Qh8# 1-0


[Site "https://www.chess.com"]

[Event "Titled Tuesday Blitz November 08 Early 2022"]
[White "Kim, Sergey"]
[Black "Harsha Bharathakoti"]
[WhiteFideId "13700570"]
[BlackFideId "5078776"]
[WhiteElo "2612"]
[BlackElo "2523"]
[Result "0-1"]
[Round "02"]
[TimeControl "180+1"]
[Date "2022.11.09"]
[WhiteClock "0:00:09"]
[BlackClock "0:00:27"]

1. d4 f5 2. c4 Nf6 3. g3 g6 4. Bg2 Bg7 5. Nf3 O-O 6. O-O d6 7. Nc3 Qe8 8. d5 Na6 9. Nd4 Bd7 10. b3 c6 11. dxc6 bxc6 12. Bb2 Nc5 13. b4 Nce4 14. Nxe4 Nxe4 15. Rb1 Rb8 16. Ba1 c5 17. bxc5 Rxb1 18. Qxb1 Nd2 19. Qb7 Nxf1 20. c6 Bc8 21. Qb4 Nxh2 22. Kxh2 f4 23. gxf4 Rxf4 24. Qd2 Rxf2 25. Kg1 Rxg2+ 26. Kxg2 e5 27. Nb5 Qxc6+ 28. Qd5+ Qxd5+ 29. cxd5 Bf8 30. Nxa7 Ba6 31. Kf3 Kf7 32. a4 Ke8 33. Nc6 Bc4 34. Nb4 Kd7 35. a5 Kc7 36. e4 h5 37. Bc3 Bh6 38. Be1 g5 39. Bf2 g4+ 40. Kg2 Kb7 41. Nc6 Bg5 42. Bb6 Bd3 43. Nb4 Bxe4+ 44. Kg3 Bd2 45. Nc6 Bxd5 46. Nd8+ Ka6 47. Bc7 Be1+ 48. Kh2 g3+ 49. Kg1 g2 50. Bxd6 Bxa5 51. Be7 Bb6+ 0-1


[Site "https://www.chess.com"]

[Event "Titled Tuesday Blitz November 08 Early 2022"]
[White "Kirillov, Dmitry"]
[Black "Sreyas Payyappat"]
[WhiteFideId "34180572"]
[BlackFideId "46674969"]
[WhiteElo "2095"]
[BlackElo "2083"]
[Result "1-0"]
[Round "02"]
[TimeControl "180+1"]
[Date "2022.11.09"]
[WhiteClock "0:02:26"]
[BlackClock "0:00:12"]

1. e4 c6 2. d4 d5 3. Nc3 dxe4 4. Nxe4 Nf6 5. Nxf6+ exf6 6. c3 Bd6 7. Bd3 O-O 8. Qc2 Re8+ 9. Ne2 h5 10. Be3 Nd7 11. O-O-O Nf8 12. Kb1 Be6 13. c4 Rc8 14. a3 b5 15. c5 Bb8 16. Nc3 a5 17. d5 cxd5 18. Bxb5 Re7 19. Qd2 Rb7 20. Ba6 Rcc7 21. Bxb7 Rxb7 22. Nxd5 Be5 23. Nb6 Qe8 24. Qxa5 Qc6 25. Qd2 Qe4+ 26. Qd3 Qg4 27. Ka1 Qxg2 28. Rhg1 Qh3 29. Bd4 Qxh2 30. Bxe5 Qxe5 31. Qg3 Qxg3 32. fxg3 Nd7 33. c6 Rxb6 34. cxd7 Rb8 35. d8=Q+ 1-0


[Site "https://www.chess.com"]

[Event "Titled Tuesday Blitz November 08 Early 2022"]
[White "Kohler, Aran"]
[Black "Ostrovskiy, Aleksandr"]
[WhiteFideId "1002856"]
[BlackFideId "2034239"]
[WhiteElo "2365"]
[BlackElo "2340"]
[Result "0-1"]
[Round "02"]
[TimeControl "180+1"]
[Date "2022.11.09"]
[WhiteClock "0:01:05"]
[BlackClock "0:00:46"]

1. d4 Nf6 2. c3 b6 3. Bg5 Bb7 4. Nd2 e6 5. Ngf3 h6 6. Bh4 g5 7. Bg3 Nh5 8. e3 Nxg3 9. hxg3 Bg7 10. Bd3 d6 11. g4 Nd7 12. Nf1 Qe7 13. Ng3 Rg8 14. Qa4 a6 15. O-O-O b5 16. Qc2 Nb6 17. b3 O-O-O 18. Nh5 Bh8 19. e4 c5 20. Kb1 Kb8 21. Rhe1 Rc8 22. d5 c4 23. bxc4 Nxc4 24. Bxc4 Rxc4 25. Nd4 Rgc8 26. Qb2 Rxc3 27. Re2 R3c4 28. Red2 exd5 29. exd5 Qe4+ 30. Ka1 Bxd4 31. Rxd4 Rxd4 32. Qxd4 Rc1+ 33. Kb2 Qc2+ 34. Ka3 Rxd1 35. Qh8+ Ka7 0-1


[Site "https://www.chess.com"]

[Event "Titled Tuesday Blitz November 08 Early 2022"]
[White "Kollars, Dmitrij"]
[Black "Zivkovic, Nemanja"]
[WhiteFideId "12909572"]
[BlackFideId "942154"]
[WhiteElo "2584"]
[BlackElo "2372"]
[Result "1-0"]
[Round "02"]
[TimeControl "180+1"]
[Date "2022.11.08"]
[WhiteClock "0:00:10"]
[BlackClock "0:00:22"]

1. c4 Nf6 2. Nc3 e6 3. e4 d5 4. cxd5 exd5 5. e5 Ne4 6. Nf3 Bf5 7. d3 Nxc3 8. bxc3 Be7 9. d4 c5 10. Bd3 Bxd3 11. Qxd3 O-O 12. O-O Nc6 13. Rb1 b6 14. Be3 Qd7 15. Nd2 Rac8 16. f4 cxd4 17. Bxd4 Nxd4 18. cxd4 Qa4 19. f5 Qc2 20. Qe3 Rc3 21. Qf4 f6 22. h3 Qa4 23. Nf3 Rc2 24. Qg3 Rxa2 25. Rbc1 Rc2 26. Ra1 Ra2 27. Rac1 Rc2 28. Kh1 Qc4 29. Rxc2 Qxc2 30. Nh2 a5 31. Ng4 a4 32. Re1 Qxf5 33. Nh6+ 1-0


[Site "https://www.chess.com"]

[Event "Titled Tuesday Blitz November 08 Early 2022"]
[White "Kopacz, Grzegorz"]
[Black "Isajevsky, Anton"]
[WhiteFideId "1109880"]
[BlackFideId "4142500"]
[WhiteElo "2037"]
[BlackElo "2510"]
[Result "0-1"]
[Round "02"]
[TimeControl "180+1"]
[Date "2022.11.09"]
[WhiteClock "0:00:05"]
[BlackClock "0:00:55"]

1. c4 c5 2. Nc3 g6 3. g3 Bg7 4. Bg2 Nc6 5. Nf3 d6 6. O-O Bd7 7. e3 Qc8 8. h4 Bh3 9. b3 Bxg2 10. Kxg2 Bxc3 11. dxc3 Nf6 12. Qd3 Qf5 13. Qxf5 gxf5 14. Rd1 Ne4 15. Bb2 e6 16. Ng5 Ke7 17. f3 Nf6 18. Kf2 Rhg8 19. Rg1 a5 20. Bc1 a4 21. Bd2 Ra7 22. b4 Ne5 23. bxc5 dxc5 24. Rab1 Nxc4 25. Ke2 Rd8 26. Rgd1 b6 27. e4 Rad7 28. Be1 h6 29. Rxd7+ Rxd7 30. Nh3 fxe4 31. fxe4 Nxe4 32. Nf4 f5 33. h5 e5 34. Ng6+ Kf6 35. Bf2 Rd2+ 0-1


[Site "https://www.chess.com"]

[Event "Titled Tuesday Blitz November 08 Early 2022"]
[White "Kopylov, Alexander A."]
[Black "Odegov, Artem"]
[WhiteFideId "4164857"]
[BlackFideId "34183644"]
[WhiteElo "2436"]
[BlackElo "2298"]
[Result "1-0"]
[Round "02"]
[TimeControl "180+1"]
[Date "2022.11.09"]
[WhiteClock "0:01:52"]
[BlackClock "0:01:17"]

1. e4 e6 2. Nf3 d5 3. d3 dxe4 4. dxe4 Qxd1+ 5. Kxd1 Nf6 6. Nfd2 c5 7. f3 Nc6 8. a4 Bd7 9. c3 O-O-O 10. Kc2 Bd6 11. Nc4 Bc7 12. Be3 b6 13. Nbd2 Kb7 14. a5 Rc8 15. a6+ Kb8 16. Na3 Rhd8 17. Nb5 Be5 18. Nc4 Be8 19. Nxe5 Nxe5 20. Bf4 Nd7 21. Rd1 Ka8 22. Nd6 Rb8 23. Bb5 1-0


[Site "https://www.chess.com"]

[Event "Titled Tuesday Blitz November 08 Early 2022"]
[White "Koridze, Lile"]
[Black "Donskov, Anatoly"]
[WhiteFideId "13612514"]
[BlackFideId "24143413"]
[WhiteElo "2050"]
[BlackElo "2219"]
[Result "1-0"]
[Round "02"]
[TimeControl "180+1"]
[Date "2022.11.09"]
[WhiteClock "0:00:07"]
[BlackClock "0:00:45"]

1. d4 d5 2. c4 dxc4 3. e3 b5 4. a4 c6 5. axb5 cxb5 6. Qf3 Nc6 7. Qxc6+ Bd7 8. Qf3 Nf6 9. Nh3 Bg4 10. Qg3 e6 11. f3 Bh5 12. Be2 Bd6 13. Qh4 Bg6 14. O-O O-O 15. Nf4 e5 16. Nxg6 hxg6 17. Nc3 Qb6 18. Ne4 Be7 19. dxe5 Nd5 20. Qf2 a5 21. Kh1 a4 22. Nc3 Nb4 23. f4 Rfd8 24. Bf3 Ra7 25. Bd2 Nd3 26. Qe2 Nxb2 27. Nd5 Qe6 28. Nxe7+ Qxe7 29. e4 Nd3 30. Be3 Ra6 31. Rfb1 b4 32. Qc2 c3 33. Rxa4 Rxa4 34. Qxa4 Rc8 35. Qc2 Nb2 36. Rxb2 Qd7 37. Rxb4 Qe7 38. Rb1 Qa3 39. g3 Qa6 40. Be2 Qc6 41. Bd3 Rd8 42. Rc1 Rc8 43. Bd4 Qd7 44. Bxc3 Qg4 45. Be2 Qd7 46. Rd1 Qb7 47. Bf3 Qc7 48. Rd3 Ra8 49. Qd2 Kh7 50. Kg2 Qc4 51. e6 Ra2 52. Bb2 Qxe6 53. Ra3 Rxa3 54. Bxa3 Qb3 55. Bd6 Qe6 56. Be5 Qc4 57. Bd4 Qe6 58. Bf2 Qc4 59. e5 Qe6 60. Bd5 Qf5 61. Qa2 g5 62. Qc4 g4 63. Be4 g6 64. Bxf5 1-0


[Site "https://www.chess.com"]

[Event "Titled Tuesday Blitz November 08 Early 2022"]
[White "Kosteniuk, Alexandra"]
[Black "Bortnyk, Olexandr"]
[WhiteFideId "4128125"]
[BlackFideId "14120828"]
[WhiteElo "2469"]
[BlackElo "2723"]
[Result "0-1"]
[Round "02"]
[TimeControl "180+1"]
[Date "2022.11.08"]
[WhiteClock "0:00:18"]
[BlackClock "0:00:05"]

1. e4 d6 2. d4 Nf6 3. Nc3 e5 4. dxe5 dxe5 5. Qxd8+ Kxd8 6. Bc4 Be6 7. Bxe6 fxe6 8. Nf3 Nbd7 9. a3 Bc5 10. Ke2 a6 11. Be3 Bxe3 12. Kxe3 Ke7 13. h3 h6 14. g4 g5 15. Rag1 Rag8 16. Nd2 Ne8 17. f3 Nd6 18. h4 Nf8 19. hxg5 hxg5 20. Rh5 Rxh5 21. gxh5 Nf7 22. Ne2 Nd7 23. Nf1 Nf6 24. Nfg3 Rh8 25. Rh1 Nd6 26. b3 Nde8 27. Nc1 Nd6 28. Nd3 Nd7 29. Nf2 Nf7 30. Ng4 Nf6 31. Nf2 a5 32. Nd3 b6 33. a4 Rd8 34. Nf2 Nh6 35. Nd3 Nd7 36. Nf1 Rf8 37. Nh2 Kd6 38. Rg1 Rg8 39. Nb2 Nf7 40. Nc4+ Ke7 41. Ng4 Rh8 42. Rh1 Rd8 43. h6 Rh8 44. Rh5 Nf6 45. Rh2 Nxg4+ 46. fxg4 Nxh6 47. Nxe5 Nf5+ 48. exf5 Rxh2 49. Nc6+ Kf6 50. fxe6 Kxe6 51. Nd4+ Kf6 52. c4 Rh3+ 53. Nf3 Rg3 0-1


[Site "https://www.chess.com"]

[Event "Titled Tuesday Blitz November 08 Early 2022"]
[White "Kouskoutis, Georgios-Alexandros"]
[Black "Bacrot, Etienne"]
[WhiteFideId "4234049"]
[BlackFideId "605506"]
[WhiteElo "2187"]
[BlackElo "2666"]
[Result "0-1"]
[Round "02"]
[TimeControl "180+1"]
[Date "2022.11.09"]
[WhiteClock "0:00:02"]
[BlackClock "0:00:08"]

1. c4 e5 2. g3 Be7 3. Bg2 d6 4. Nc3 f5 5. d3 Nf6 6. e3 O-O 7. Nge2 Qe8 8. O-O c6 9. b4 Qh5 10. f4 a6 11. a4 Nbd7 12. Rb1 e4 13. dxe4 fxe4 14. Nxe4 Nxe4 15. Bxe4 Nf6 16. Bg2 Bg4 17. Rf2 Bf5 18. Bf3 Ng4 19. Bxg4 Qxg4 20. Rb3 Rae8 21. Bb2 Bh4 22. Qf1 Be4 23. h3 Qg6 24. Kh2 Bd8 25. Bd4 Re6 26. c5 Qh6 27. Rb2 Rg6 28. Nc3 Bf5 29. h4 Bxh4 30. e4 Bxg3+ 31. Kg1 Bxf2+ 32. Kxf2 Bxe4 33. Ke3 Rg3+ 34. Kxe4 Qe6+ 35. Be5 dxe5 36. f5 Qh6 37. Ne2 Qe3# 0-1


[Site "https://www.chess.com"]

[Event "Titled Tuesday Blitz November 08 Early 2022"]
[White "Kovalenko, Igor"]
[Black "Valle Maytin, Luis Enrique"]
[WhiteFideId "14117908"]
[BlackFideId "3503666"]
[WhiteElo "2574"]
[BlackElo "2225"]
[Result "1-0"]
[Round "02"]
[TimeControl "180+1"]
[Date "2022.11.09"]
[WhiteClock "0:02:30"]
[BlackClock "0:01:07"]

1. c4 c5 2. Nf3 Nc6 3. Nc3 g6 4. e3 Bg7 5. d4 d6 6. Be2 e6 7. O-O Nge7 8. d5 Ne5 9. Nd2 O-O 10. f4 Nd7 11. dxe6 fxe6 12. Nde4 d5 13. cxd5 exd5 14. Nxd5 Nf5 15. g4 Ne7 16. Nd6 Nf6 17. Nxf6+ Bxf6 18. Bc4+ Kh8 19. Nf7+ Rxf7 20. Qxd8+ Ng8 21. Qd1 Rd7 22. Qe2 Rd6 23. g5 Bg7 24. Bd2 Bf5 25. Bc3 Bxc3 26. bxc3 Re8 27. Rad1 Rc6 28. Bd5 Rc7 29. c4 h5 30. e4 Bg4 31. Qb2+ Kh7 32. Rde1 Ne7 33. h4 a6 34. f5 gxf5 35. exf5 Rf8 36. g6+ Kh6 37. g7 Rxf5 38. Rxf5 Nxf5 39. Qf6+ 1-0


[Site "https://www.chess.com"]